[Event "WYCC 2018 G16"]
[Site "Halkidiki"]
[Date "2018.10.26"]
[Round "7"]
[White "Makhija, Aashna"]
[Black "Salonika, Saina"]
[Result "1/2-1/2"]
[ECO "A45"]
[WhiteElo "2197"]
[BlackElo "2093"]
[Annotator "NA"]
[PlyCount "70"]
[EventDate "2018.10.20"]
[EventType "swiss"]
[EventCountry "GRE"]
[SourceTitle "playchess.com"]
[Source "ChessBase"]
[SourceQuality "1"]
[TimeControl "40/5400+30:1800+30"]

1. d4 Nf6 2. Bf4 g6 3. Nc3 d5 4. e3 Bg7 5. h4 h5 6. Be2 Bf5 7. Nf3 c6 8. Ne5 Nfd7 9. Bd3 Nxe5 10. Bxe5 Bg4 11. f3 Bxe5 12. dxe5 Be6 13. Qd2 Nd7 14. f4 Bg4 15. Be2 Bxe2 16. Nxe2 e6 17. O-O-O Nb6 18. Nd4 Nc4 19. Qc3 Qa5 20. Qxa5 Nxa5 21. Nf3 Ke7 22. Ng5 Nc4 23. Rd3 Rhd8 24. b3 Nb6 25. Kd2 Nd7 26. Ke2 b5 27. Ra1 a5 28. a4 bxa4 29. bxa4 Rab8 30. Rc3 c5 31. e4 Rb4 32. exd5 exd5 33. g3 Rdb8 34. Rd3 Nb6 35. Kf3 Rd8 1/2-1/2

[Event "WYCC 2018 G16"]
[Site "Halkidiki"]
[Date "2018.10.26"]
[Round "7"]
[White "Getman, Tatyana"]
[Black "Kvendseth, Thyra"]
[Result "1-0"]
[ECO "E90"]
[WhiteElo "2195"]
[BlackElo "1854"]
[Annotator "NA"]
[PlyCount "67"]
[EventDate "2018.10.20"]
[EventType "swiss"]
[EventCountry "GRE"]
[SourceTitle "playchess.com"]
[Source "ChessBase"]
[SourceQuality "1"]
[TimeControl "40/5400+30:1800+30"]

1. d4 Nf6 2. c4 g6 3. Nc3 Bg7 4. e4 d6 5. Nf3 O-O 6. h3 e5 7. d5 Nh5 8. Bg5 f6 9. Be3 f5 10. exf5 gxf5 11. Be2 f4 12. Bc1 Nf6 13. Qc2 Na6 14. a3 Qe7 15. Ng5 h6 16. Nge4 Bf5 17. b4 c6 18. Bd3 Nxe4 19. Bxe4 Bxe4 20. Qxe4 Rac8 21. O-O Qg5 22. Rd1 Rf6 23. Rd3 Nb8 24. Ra2 Nd7 25. dxc6 Rxc6 26. Qd5+ Kh8 27. c5 Qf5 28. Ne4 Nb6 29. cxb6 Rxc1+ 30. Kh2 Rf8 31. bxa7 Rc6 32. Nxd6 Qd7 33. Nf7+ Qxf7 34. Qxf7 1-0

[Event "WYCC 2018 G16"]
[Site "Halkidiki"]
[Date "2018.10.26"]
[Round "7"]
[White "Hilario, Aleyla"]
[Black "Cervantes Landeiro, Thalia"]
[Result "1/2-1/2"]
[ECO "C65"]
[WhiteElo "2175"]
[BlackElo "2129"]
[Annotator "NA"]
[PlyCount "84"]
[EventDate "2018.10.20"]
[EventType "swiss"]
[EventCountry "GRE"]
[SourceTitle "playchess.com"]
[Source "ChessBase"]
[SourceQuality "1"]
[TimeControl "40/5400+30:1800+30"]

1. e4 e5 2. Nf3 Nc6 3. Bb5 Nf6 4. d3 Bc5 5. Bxc6 dxc6 6. h3 a5 7. Nc3 Nd7 8. Be3 f6 9. O-O O-O 10. Ne2 Re8 11. Ng3 $11 Bf8 12. Qd2 Nc5 13. Rad1 a4 14. a3 Be6 15. Qc3 Na6 16. d4 exd4 17. Nxd4 Qc8 18. f4 c5 19. Nf3 b5 20. f5 Bc4 21. Rfe1 Bd6 22. Bf2 Bf7 23. e5 b4 24. Qd2 Bxe5 25. Nxe5 Rxe5 26. Rxe5 fxe5 27. f6 gxf6 28. Ne4 Qf5 29. Re1 Kh8 30. Bh4 Rf8 31. Bxf6+ Kg8 32. Be7 Rc8 33. Qd3 c4 34. Qg3+ Bg6 35. h4 Qf4 36. Qxf4 exf4 37. Nf6+ Kf7 38. axb4 Nxb4 39. Nxh7 Bxh7 40. Bxb4 Bxc2 41. Rf1 Bd3 42. Rxf4+ Ke6 1/2-1/2

[Event "WYCC 2018 G16"]
[Site "Halkidiki"]
[Date "2018.10.26"]
[Round "7"]
[White "Serikbay, Assel"]
[Black "Solozhenkina, Elizaveta"]
[Result "0-1"]
[ECO "E04"]
[WhiteElo "2166"]
[BlackElo "2276"]
[Annotator "NA"]
[PlyCount "122"]
[EventDate "2018.10.20"]
[EventType "swiss"]
[EventCountry "GRE"]
[SourceTitle "playchess.com"]
[Source "ChessBase"]
[SourceQuality "1"]
[TimeControl "40/5400+30:1800+30"]

1. d4 Nf6 2. c4 e6 3. g3 d5 4. Bg2 dxc4 5. Nf3 a6 6. O-O Nc6 7. e3 Rb8 8. Nfd2 e5 9. Bxc6+ bxc6 10. dxe5 Ng4 11. Nxc4 $14 {[%emt 0:05:33] LiveBook: 42 Games} Be6 12. Nbd2 h5 13. f3 Rb4 14. fxg4 Bxc4 15. Nxc4 Qxd1 16. Rxd1 Rxc4 17. g5 Bc5 18. Rd3 h4 19. b3 Re4 20. Bb2 hxg3 21. hxg3 Rxe3 22. Rxe3 Bxe3+ 23. Kg2 Bxg5 24. Rd1 Ke7 25. Rd4 Rd8 26. Ba3+ Ke6 27. Rc4 Rd2+ 28. Kh3 Rxa2 29. Bf8 g6 30. Rxc6+ Kd7 31. Rc3 Re2 32. Rc5 Be3 33. Ra5 Bf2 34. Bh6 Bb6 35. Rxa6 Rxe5 36. Bf8 Re8 37. Bg7 Re3 38. b4 Rb3 39. Ra4 Kc6 40. Ra8 Kd7 41. Ra4 Ke6 42. Bh6 f6 43. Bd2 g5 44. Be1 Kf5 45. Ra2 Bd4 46. Rc2 Be5 47. Kg2 Ke4 48. Re2+ Kd3 49. Rd2+ Ke3 50. Ra2 g4 51. Bf2+ Kd3 52. Be1 Rb2+ 53. Rxb2 Bxb2 54. b5 Bc3 55. Bf2 Bd4 56. Be1 Kc4 57. Ba5 Bb6 58. Bd2 Kxb5 59. Bc3 f5 60. Kf1 Kc4 61. Be5 Kd3 0-1

[Event "WYCC 2018 G16"]
[Site "Halkidiki"]
[Date "2018.10.26"]
[Round "7"]
[White "Peycheva, Gergana"]
[Black "Kucharska, Honorata"]
[Result "0-1"]
[ECO "A50"]
[WhiteElo "2152"]
[BlackElo "2073"]
[Annotator "NA"]
[PlyCount "124"]
[EventDate "2018.10.20"]
[EventType "swiss"]
[EventCountry "GRE"]
[SourceTitle "playchess.com"]
[Source "ChessBase"]
[SourceQuality "1"]
[TimeControl "40/5400+30:1800+30"]

1. d4 Nf6 2. c4 g6 3. f3 e6 4. e4 c5 5. d5 d6 6. Nc3 Bg7 7. Be3 exd5 8. cxd5 O-O 9. Bd3 a6 10. a4 Nbd7 11. Nge2 Ne5 12. O-O Bd7 13. h3 Rb8 14. f4 Nxd3 15. Qxd3 Re8 16. Ng3 Rc8 17. e5 dxe5 18. fxe5 Rxe5 19. Bf4 Re8 20. Qf3 h6 21. Nge4 Nxe4 22. Nxe4 Rxe4 23. Qxe4 f5 24. Qc2 Qf6 25. Kh1 c4 26. Rab1 Qd4 27. Bg3 Qxd5 28. Rbd1 Qf7 29. Rd6 Bf8 30. Rd2 Bc6 31. Be5 Re8 32. Re2 b5 33. axb5 axb5 34. Qc3 b4 35. Qg3 Kh7 36. Rd2 Bc5 37. Bd6 Re3 38. Qh4 g5 39. Qg4 Bxd6 40. Rxd6 Be4 41. h4 Qe7 42. Qd1 Bd3 43. Rd4 g4 44. Qd2 Re2 45. Qf4 Be4 46. Rf2 Re1+ 47. Rf1 Rxf1+ 48. Qxf1 c3 49. bxc3 bxc3 50. Qf2 c2 51. Rc4 Qd6 52. h5 Kg7 53. Qe3 g3 54. Qc3+ Kf7 55. Rc7+ Ke6 56. Qb3+ Kf6 57. Qc3+ Kg5 58. Rg7+ Kxh5 59. Rxg3 c1=Q+ 60. Qxc1 Qxg3 61. Qd1+ Qg4 62. Qd2 Qxg2+ 0-1

[Event "WYCC 2018 G16"]
[Site "Halkidiki"]
[Date "2018.10.26"]
[Round "7"]
[White "Schulze, Lara"]
[Black "Jarocka, Liwia"]
[Result "0-1"]
[ECO "B56"]
[WhiteElo "2122"]
[BlackElo "1990"]
[Annotator "NA"]
[PlyCount "128"]
[EventDate "2018.10.20"]
[EventType "swiss"]
[EventCountry "GRE"]
[SourceTitle "playchess.com"]
[Source "ChessBase"]
[SourceQuality "1"]
[TimeControl "40/5400+30:1800+30"]

1. e4 c5 2. Nf3 d6 3. d4 cxd4 4. Nxd4 Nf6 5. Nc3 Bd7 6. Bg5 e6 7. Qd2 a6 8. f4 h6 9. Bxf6 Qxf6 10. O-O-O Nc6 11. Nf3 Qd8 12. e5 d5 13. f5 Qa5 14. Kb1 O-O-O 15. fxe6 Bxe6 16. Ne2 Bb4 17. Qc1 d4 18. a3 Qd5 19. c4 Qe4+ 20. Ka1 Be7 21. Ng3 Qe3 22. Bd3 Qxc1+ 23. Rxc1 g6 24. b4 Bg4 25. Rce1 h5 26. Nf1 Rhe8 27. N1d2 Bf8 28. Be4 Bg7 29. Bxc6 bxc6 30. Ng5 Re7 31. Ka2 Bxe5 32. h3 Bf5 33. Nxf7 Rxf7 34. Rxe5 Bd3 35. Nf3 Bxc4+ 36. Kb2 Bd5 37. Nxd4 Bxg2 38. Rd1 Rfd7 39. Kc3 Bxh3 40. Rc5 Kb7 41. Rh1 Rxd4 42. Rxh3 R8d5 43. Re3 Rd1 44. Re7+ Kb6 45. Re6 Rc1+ 46. Kb2 Rcxc5 47. bxc5+ Rxc5 48. Rxg6 h4 49. Rh6 Rc4 50. Kb3 Rg4 51. a4 a5 52. Ka3 Rg3+ 53. Kb2 h3 54. Rh5 Rf3 55. Kc2 Rf2+ 56. Kb3 Rh2 57. Kc3 Rh1 58. Kb3 h2 59. Kb2 c5 60. Rh6+ Kc7 61. Rh7+ Kd6 62. Rh6+ Kd5 63. Rh5+ Ke4 64. Rxc5 Rg1 0-1

[Event "WYCC 2018 G16"]
[Site "Halkidiki"]
[Date "2018.10.26"]
[Round "7"]
[White "Grigorieva, Yulia"]
[Black "Zhang, Xiao"]
[Result "0-1"]
[ECO "D26"]
[WhiteElo "2112"]
[BlackElo "1980"]
[Annotator "NA"]
[PlyCount "104"]
[EventDate "2018.10.20"]
[EventType "swiss"]
[EventCountry "GRE"]
[SourceTitle "playchess.com"]
[Source "ChessBase"]
[SourceQuality "1"]
[TimeControl "40/5400+30:1800+30"]

1. d4 d5 2. c4 dxc4 3. e3 Nf6 4. Bxc4 e6 5. Nf3 c5 6. O-O Nc6 7. Qe2 a6 8. a4 cxd4 9. Rd1 Be7 10. exd4 O-O 11. Nc3 $11 {[%emt 0:00:25] LiveBook: 773 Games} Nb4 12. Ne5 Bd7 13. Bg5 Rc8 14. Bxf6 Bxf6 15. Ne4 Bc6 16. Nc5 Qe7 17. Ra3 Rfd8 18. Nxf7 Kxf7 19. Qh5+ Kg8 20. Bxe6+ Kh8 21. Rh3 h6 22. Bxc8 Rxc8 23. Re3 Qd6 24. Qg6 Qd5 25. Ne6 Be8 26. Qg3 Bxa4 27. Rde1 Nc2 28. Rc1 Rg8 29. b3 Nxe3 30. Nf4 Qg5 31. Qxe3 Re8 32. h4 Qg4 33. Qd2 Bxb3 34. Rb1 Re4 35. g3 Rxd4 36. Qe3 Bc2 37. Rxb7 Be4 38. Rb8+ Kh7 39. Kh2 Qf3 40. Qxf3 Bxf3 41. Rb6 Rd1 42. Ng2 Bxg2 43. Kxg2 a5 44. Ra6 Ra1 45. Kh3 a4 46. g4 a3 47. g5 hxg5 48. Kg4 gxh4 49. f4 a2 50. f5 Rg1+ 51. Kh5 Rg5+ 52. Kxh4 Rxf5+ 0-1

[Event "WYCC 2018 G16"]
[Site "Halkidiki"]
[Date "2018.10.26"]
[Round "7"]
[White "Rudzinska, Michalina"]
[Black "Berdnyk, Mariia"]
[Result "1-0"]
[ECO "B70"]
[WhiteElo "2073"]
[BlackElo "2179"]
[Annotator "NA"]
[PlyCount "89"]
[EventDate "2018.10.20"]
[EventType "swiss"]
[EventCountry "GRE"]
[SourceTitle "playchess.com"]
[Source "ChessBase"]
[SourceQuality "1"]
[TimeControl "40/5400+30:1800+30"]

1. e4 c5 2. Nf3 d6 3. d4 cxd4 4. Nxd4 Nf6 5. Nc3 g6 6. h3 Bg7 7. Bc4 O-O 8. O-O a6 9. Re1 b5 10. Bb3 Bb7 11. Bg5 Nbd7 $11 {[%emt 0:09:28] LiveBook: 18 Partien} 12. Nd5 Nc5 13. c4 bxc4 14. Bxc4 e6 15. Nxf6+ Bxf6 16. Bxf6 Qxf6 17. f3 Rac8 18. Rc1 Rfd8 19. b4 Nd7 20. Nb3 d5 21. Na5 Ba8 22. Bxa6 Rxc1 23. Qxc1 dxe4 24. Nc6 exf3 25. Rd1 f2+ 26. Kf1 e5 27. b5 Re8 28. Rxd7 e4 29. Qe3 Bxc6 30. bxc6 Qxc6 31. Ra7 Rd8 32. Be2 Rb8 33. Kxf2 Qf6+ 34. Kg3 Rb2 35. Kh2 Qd6+ 36. Kg1 Rb1+ 37. Bf1 Qd1 38. Qf2 f5 39. Re7 Ra1 40. g4 Qc1 41. Rb7 f4 42. Rb8+ Kg7 43. Qa7+ Kh6 44. g5+ Kxg5 45. Qe7+ 1-0

[Event "WYCC 2018 G16"]
[Site "Halkidiki"]
[Date "2018.10.26"]
[Round "7"]
[White "Srdanovic, Jovana"]
[Black "Maltsevskaya, Aleksandra"]
[Result "1/2-1/2"]
[ECO "D45"]
[WhiteElo "2072"]
[BlackElo "2290"]
[Annotator "NA"]
[PlyCount "53"]
[EventDate "2018.10.20"]
[EventType "swiss"]
[EventCountry "GRE"]
[SourceTitle "playchess.com"]
[Source "ChessBase"]
[SourceQuality "1"]
[TimeControl "40/5400+30:1800+30"]

1. d4 d5 2. c4 e6 3. Nf3 Nf6 4. Nc3 c6 5. e3 Nbd7 6. Qc2 Bd6 7. b3 O-O 8. Bd3 Qe7 9. Bb2 e5 10. cxd5 cxd5 11. dxe5 Nxe5 12. Nxe5 Bxe5 13. Ne2 Bg4 14. Bxe5 Qxe5 15. Nd4 Bh5 16. h3 Rac8 17. Qb2 Bg6 18. Bxg6 hxg6 19. O-O g5 20. Qe2 g6 21. Rac1 Ne4 22. Nf3 Qe6 23. Qd3 a6 24. Qd4 Rxc1 25. Rxc1 Rc8 26. Qa1 g4 27. hxg4 1/2-1/2

[Event "WYCC 2018 G16"]
[Site "Halkidiki"]
[Date "2018.10.26"]
[Round "7"]
[White "Urh, Zala"]
[Black "Goltseva, Ekaterina"]
[Result "1-0"]
[ECO "D37"]
[WhiteElo "2066"]
[BlackElo "2169"]
[Annotator "NA"]
[PlyCount "131"]
[EventDate "2018.10.20"]
[EventType "swiss"]
[EventCountry "GRE"]
[SourceTitle "playchess.com"]
[Source "ChessBase"]
[SourceQuality "1"]
[TimeControl "40/5400+30:1800+30"]

1. d4 Nf6 2. c4 e6 3. Nc3 d5 4. Nf3 dxc4 5. e3 a6 6. Bxc4 b5 7. Bb3 Bb7 8. O-O c5 9. Qe2 Nbd7 10. Rd1 Qb8 11. d5 c4 12. dxe6 fxe6 13. Bc2 Bc5 14. b3 O-O 15. bxc4 Ne5 16. Nd4 Neg4 17. g3 Nxh2 18. Kxh2 Ng4+ 19. Qxg4 Rxf2+ 20. Kg1 Rg2+ 21. Kf1 Qf8+ 22. Bf5 exf5 23. Nxf5 h5 24. Qg6 Rxg3 25. Qxg3 Qxf5+ 26. Ke2 bxc4 27. Rb1 Bc6 28. Rb8+ Rxb8 29. Qxb8+ Kh7 30. Qb1 Bf3+ 31. Ke1 Qxb1 32. Nxb1 Bxd1 33. Kxd1 Kg6 34. Ke2 Kf5 35. Kf3 Bb4 36. e4+ Ke6 37. Nd2 c3 38. Nb3 Be7 39. Nd4+ Kf6 40. Ne2 Bb4 41. Be3 Kf7 42. Kf4 g6 43. e5 h4 44. Ke4 h3 45. Bf4 g5 46. Bh2 Kg6 47. Kd3 Kf5 48. Nxc3 Bc5 49. Ne4 Bb6 50. Nd6+ Ke6 51. Ke4 Bf2 52. Nf5 Kd7 53. Nd4 Ke7 54. Ne2 Ke6 55. Ng1 g4 56. Ne2 Be1 57. Kf4 g3 58. Bxg3 Ba5 59. Kg4 Bc7 60. Nf4+ Kf7 61. Nxh3 Ke6 62. Ng5+ Kd5 63. Kf5 Kc4 64. e6 Bd8 65. Bd6 Kd5 66. e7 1-0

[Event "WYCC 2018 G16"]
[Site "Halkidiki"]
[Date "2018.10.26"]
[Round "7"]
[White "Meenal Gupta"]
[Black "Gomez Barrera, Javiera Belen"]
[Result "1/2-1/2"]
[ECO "C92"]
[WhiteElo "2065"]
[BlackElo "2136"]
[Annotator "NA"]
[PlyCount "87"]
[EventDate "2018.10.20"]
[EventType "swiss"]
[EventCountry "GRE"]
[SourceTitle "playchess.com"]
[Source "ChessBase"]
[SourceQuality "1"]
[TimeControl "40/5400+30:1800+30"]

1. e4 e5 2. Nf3 Nc6 3. Bb5 a6 4. Ba4 Nf6 5. O-O Be7 6. Re1 b5 7. Bb3 d6 8. c3 O-O 9. h3 Bb7 10. d4 Re8 11. Nbd2 h6 12. Nf1 Bf8 13. Ng3 Na5 14. Bc2 Nc4 15. Nh2 d5 16. b3 Na3 17. dxe5 Nxc2 18. Qxc2 Nxe4 19. Nxe4 dxe4 20. Bf4 Bc5 21. Nf1 Qh4 22. Bg3 Qg5 23. b4 Bb6 24. a4 bxa4 25. Rxa4 a5 26. bxa5 Rxa5 27. Rxa5 Bxa5 28. Qa4 Ra8 29. Qb3 Bb6 30. e6 fxe6 31. Qxe6+ Kh8 32. Ne3 Rf8 33. c4 h5 34. h4 Qf6 35. Qxf6 Rxf6 36. Nd5 Bxd5 37. cxd5 Rf5 38. Rd1 e3 39. fxe3 Bxe3+ 40. Kh2 Bf4 41. Bxf4 Rxf4 42. Kh3 Kh7 43. d6 cxd6 44. Rxd6 1/2-1/2

[Event "WYCC 2018 G16"]
[Site "Halkidiki"]
[Date "2018.10.26"]
[Round "7"]
[White "Aubert, Estee"]
[Black "Sanskriti Goyal"]
[Result "0-1"]
[ECO "E21"]
[WhiteElo "2064"]
[BlackElo "1971"]
[Annotator "NA"]
[PlyCount "52"]
[EventDate "2018.10.20"]
[EventType "swiss"]
[EventCountry "GRE"]
[SourceTitle "playchess.com"]
[Source "ChessBase"]
[SourceQuality "1"]
[TimeControl "40/5400+30:1800+30"]

1. d4 Nf6 2. c4 e6 3. Nf3 b6 4. Nc3 Bb7 5. Bf4 Bb4 6. a3 Bxc3+ 7. bxc3 Nc6 8. e3 d6 9. Be2 Qe7 10. O-O e5 11. Bg3 O-O 12. Qc2 e4 13. Nd2 Rae8 14. Bh4 Nb8 15. Kh1 Nbd7 16. f4 exf3 17. Bxf3 Bxf3 18. Rxf3 Qe6 19. Qd3 Ne4 20. Nb3 Qh6 21. Bg3 Ndf6 22. Raf1 Ng4 23. Bf4 g5 24. h3 gxf4 25. Rxf4 Qxf4 26. hxg4 Qxf1+ 0-1

[Event "WYCC 2018 G16"]
[Site "Halkidiki"]
[Date "2018.10.26"]
[Round "7"]
[White "Gombocz, Zsofia"]
[Black "Shanya Mishra"]
[Result "1-0"]
[ECO "B52"]
[WhiteElo "2038"]
[BlackElo "1924"]
[Annotator "NA"]
[PlyCount "67"]
[EventDate "2018.10.20"]
[EventType "swiss"]
[EventCountry "GRE"]
[SourceTitle "playchess.com"]
[Source "ChessBase"]
[SourceQuality "1"]
[TimeControl "40/5400+30:1800+30"]

1. e4 c5 2. Nf3 d6 3. Bb5+ Bd7 4. Bxd7+ Qxd7 5. c4 Nf6 6. Nc3 g6 7. d4 cxd4 8. Nxd4 Bg7 9. h3 O-O 10. Be3 Nc6 11. O-O a6 12. Rc1 Nxd4 13. Bxd4 b5 14. Bxf6 Bxf6 15. Nd5 Bg5 16. Rc3 Ra7 17. f4 Bh6 18. f5 Kh8 19. Rcf3 gxf5 20. Rxf5 f6 21. Qh5 Bg7 22. Qh4 Rf7 23. R1f3 Qd8 24. Rh5 Bf8 25. Nf4 e5 26. Ng6+ Kg8 27. Rg3 Rg7 28. Rxh7 Rxh7 29. Ne7+ Kf7 30. Qxh7+ Ke8 31. Qg6+ Kd7 32. Nd5 bxc4 33. Qf7+ Be7 34. Rg7 1-0

[Event "WYCC 2018 G16"]
[Site "Halkidiki"]
[Date "2018.10.26"]
[Round "7"]
[White "Sosa Suarez, Carla Cristina"]
[Black "Leonova, Ameliya"]
[Result "1/2-1/2"]
[ECO "B38"]
[WhiteElo "2025"]
[BlackElo "1736"]
[Annotator "NA"]
[PlyCount "121"]
[EventDate "2018.10.20"]
[EventType "swiss"]
[EventCountry "GRE"]
[SourceTitle "playchess.com"]
[Source "ChessBase"]
[SourceQuality "1"]
[TimeControl "40/5400+30:1800+30"]

1. e4 c5 2. Nf3 Nc6 3. d4 cxd4 4. Nxd4 g6 $11 5. c4 Bg7 6. Be3 Nf6 7. Nc3 O-O 8. Be2 d6 9. O-O Bd7 10. h3 Nxd4 11. Bxd4 Bc6 12. Qc2 a5 13. Rad1 Nd7 14. Bxg7 Kxg7 15. Bg4 Ne5 16. c5 Nxg4 17. hxg4 Rc8 18. cxd6 exd6 19. Rd4 Re8 20. Qd2 Qh4 21. f3 h5 22. g5 Qg3 23. Rxd6 h4 24. Qd4+ Kg8 25. Qd2 h3 26. Rd3 Kg7 27. Rd1 Rcd8 28. Nd5 Bxd5 29. exd5 Qxg2+ 30. Qxg2 hxg2 31. R1d2 Re5 32. f4 Rf5 33. Rd4 f6 34. Rc4 fxg5 35. fxg5 Rfxd5 36. Rc7+ Kg8 37. Rxg2 R8d7 38. Rc8+ Kg7 39. Rcc2 Rf5 40. Rc3 b5 41. Rcg3 Rdd5 42. Kh2 Kf7 43. Kh3 a4 44. Rg4 Rd3+ 45. R2g3 Rd2 46. Rg2 Rf3+ 47. Kh4 Rd8 48. Rb4 Rf5 49. Kg4 Rdd5 50. Kh4 Rf1 51. Kg4 Rh1 52. Rf4+ Kg7 53. Kf3 Rh3+ 54. Ke4 Rhd3 55. Rff2 b4 56. Rc2 R3d4+ 57. Ke3 Rd7 58. Rc6 Rh4 59. Rb6 Re7+ 60. Kd3 Rd7+ {[%emt 0:01:28] Ke4} 61. Ke3 1/2-1/2

[Event "WYCC 2018 G16"]
[Site "Halkidiki"]
[Date "2018.10.26"]
[Round "7"]
[White "Hercog, Nusa"]
[Black "Yurasova, Daria"]
[Result "0-1"]
[ECO "D21"]
[WhiteElo "2017"]
[BlackElo "2193"]
[Annotator "NA"]
[PlyCount "76"]
[EventDate "2018.10.20"]
[EventType "swiss"]
[EventCountry "GRE"]
[SourceTitle "playchess.com"]
[Source "ChessBase"]
[SourceQuality "1"]
[TimeControl "40/5400+30:1800+30"]

1. d4 d5 2. c4 dxc4 3. Nf3 a6 4. e3 Nf6 5. Bxc4 b5 6. Bd3 e6 7. O-O Be7 8. e4 Nbd7 9. Qe2 c5 10. Nbd2 cxd4 11. e5 Nd5 12. Nb3 O-O 13. Nbxd4 Bb7 14. Bd2 Qb6 15. Nb3 Rac8 16. Rac1 Qa7 17. Ng5 h6 18. Nf3 Nb4 19. Bxb4 Bxb4 20. Bb1 Rfd8 21. Rxc8 Rxc8 22. Qd3 Nf8 23. Rd1 Bd5 24. Nbd4 Bc5 25. Qe2 Qb7 26. Qf1 Bb6 27. b3 Rd8 28. Bc2 Qc7 29. Qe2 Qc5 30. Rc1 Qa3 31. Rd1 Kh8 32. Bb1 Qc5 33. Bc2 Qc3 34. h3 Qc7 35. Kh1 Qa7 36. Kg1 Ba8 37. Qe3 Bxf3 38. Nxf3 Rxd1+ 0-1

[Event "WYCC 2018 G16"]
[Site "Halkidiki"]
[Date "2018.10.26"]
[Round "7"]
[White "Bogdanic, Katarina"]
[Black "Golsta, Ramona"]
[Result "1-0"]
[ECO "A13"]
[WhiteElo "2014"]
[BlackElo "1681"]
[Annotator "NA"]
[PlyCount "45"]
[EventDate "2018.10.20"]
[EventType "swiss"]
[EventCountry "GRE"]
[SourceTitle "playchess.com"]
[Source "ChessBase"]
[SourceQuality "1"]
[TimeControl "40/5400+30:1800+30"]

1. Nf3 d5 2. c4 e6 3. g3 d4 4. Bg2 c5 5. d3 Nc6 6. O-O Nf6 7. e3 Be7 8. exd4 cxd4 9. Re1 O-O 10. Nbd2 h6 11. Ne5 Nxe5 12. Rxe5 Qd6 13. Rb5 Nd7 14. Nf3 f6 15. Bd2 b6 16. Nh4 Ba6 17. Rh5 f5 18. Bf4 Qc5 19. Qe2 Nf6 20. Qxe6+ Kh7 21. Rxf5 Bc8 22. Rxc5 Bxe6 23. Re5 1-0

[Event "WYCC 2018 G16"]
[Site "Halkidiki"]
[Date "2018.10.26"]
[Round "7"]
[White "Duson, Robin"]
[Black "Ouellet, Maili-Jade"]
[Result "0-1"]
[ECO "D31"]
[WhiteElo "1999"]
[BlackElo "2122"]
[Annotator "NA"]
[PlyCount "66"]
[EventDate "2018.10.20"]
[EventType "swiss"]
[EventCountry "GRE"]
[SourceTitle "playchess.com"]
[Source "ChessBase"]
[SourceQuality "1"]
[TimeControl "40/5400+30:1800+30"]

1. d4 d5 2. c4 e6 3. Nc3 c6 4. Nf3 dxc4 5. a4 Bb4 6. e3 b5 7. Bd2 a5 8. axb5 Bxc3 9. Bxc3 cxb5 10. b3 Bb7 11. bxc4 b4 12. Bb2 $11 {[%emt 0:04:54] LiveBook: 724 Games} Nf6 13. Be2 O-O 14. O-O Nbd7 15. Ne5 Nxe5 16. dxe5 Ne4 17. Bd4 Qc7 18. Qc2 Nc5 19. Rfd1 Rfb8 20. Qb2 Nd7 21. Rd2 Bc6 22. Bd1 a4 23. f4 Qa5 24. Qc1 Nc5 25. Bxc5 Qxc5 26. Kf2 g6 27. Rd6 b3 28. Qc3 b2 29. Rb1 a3 30. Rxc6 Qxc6 31. Bf3 Qa6 32. Bxa8 Qxa8 33. g3 a2 0-1

[Event "WYCC 2018 G16"]
[Site "Halkidiki"]
[Date "2018.10.26"]
[Round "7"]
[White "Aciu, Malina-Andreea"]
[Black "Bach, Ngoc Thuy Duong"]
[Result "1/2-1/2"]
[ECO "B92"]
[WhiteElo "1976"]
[BlackElo "2161"]
[Annotator "NA"]
[PlyCount "59"]
[EventDate "2018.10.20"]
[EventType "swiss"]
[EventCountry "GRE"]
[SourceTitle "playchess.com"]
[Source "ChessBase"]
[SourceQuality "1"]
[TimeControl "40/5400+30:1800+30"]

1. e4 c5 2. Nf3 d6 3. d4 cxd4 4. Nxd4 Nf6 5. Nc3 a6 6. Be2 e5 7. Nf3 Qc7 8. Bg5 Nbd7 9. a4 b6 10. Nd2 Bb7 11. Bc4 Be7 12. O-O Nf8 13. Bxf6 Bxf6 14. Bd5 Be7 15. Bxb7 Qxb7 16. Nc4 Qc6 17. b3 Rb8 18. Nd5 Ng6 19. Re1 Qc5 20. Qd3 b5 21. axb5 axb5 22. Nce3 O-O 23. Nf5 Rfe8 24. Ndxe7+ Nxe7 25. Qxd6 Qxd6 26. Nxd6 Red8 27. Red1 Nc6 28. Nf5 g6 29. Ne3 Nd4 30. Ra7 1/2-1/2

[Event "WYCC 2018 G16"]
[Site "Halkidiki"]
[Date "2018.10.26"]
[Round "7"]
[White "Djidjeli, Sarah"]
[Black "Puppi Lazo, Stephanie Beatriz"]
[Result "1/2-1/2"]
[ECO "B90"]
[WhiteElo "1952"]
[BlackElo "1847"]
[Annotator "NA"]
[PlyCount "117"]
[EventDate "2018.10.20"]
[EventType "swiss"]
[EventCountry "GRE"]
[SourceTitle "playchess.com"]
[Source "ChessBase"]
[SourceQuality "1"]
[TimeControl "40/5400+30:1800+30"]

1. e4 c5 2. Nf3 d6 3. d4 cxd4 4. Nxd4 Nf6 5. Nc3 a6 6. Nb3 e5 7. Bg5 Be7 8. Bxf6 Bxf6 9. Qd3 Be6 10. Rd1 Nc6 11. Nd5 O-O 12. c3 Rc8 13. Be2 Bg5 14. O-O Ne7 15. Nxe7+ Bxe7 16. Qd2 Qb6 17. Nc1 Rfd8 18. Bf3 a5 19. b3 a4 20. c4 axb3 21. axb3 Ra8 22. Rde1 h6 23. Qc2 Ra3 24. Bd1 Qa5 25. Qe2 b5 26. cxb5 Bd7 27. Qf3 Bxb5 28. Be2 Bg5 29. Nd3 Rxb3 30. Rb1 Rxb1 31. Rxb1 Bc6 32. g3 Qa8 33. Rb4 Bd2 34. Rc4 Rf8 35. Nb4 Bxb4 36. Rxb4 d5 37. exd5 Bxd5 38. Qf5 Qc6 39. Qxe5 Bh1 40. Bf1 Bf3 41. Rb1 Qg6 42. Rc1 h5 43. Bg2 Bxg2 44. Kxg2 h4 45. Rc4 hxg3 46. hxg3 Rd8 47. Qa5 Re8 48. Qd5 Qe6 49. Qd3 Qa6 50. Qd5 Qa2 51. Qc6 Qa8 52. Qxa8 Rxa8 53. Rc7 g6 54. Kf3 Ra4 55. Ke3 Kg7 56. Rc6 Kh6 57. Kf3 Kg5 58. Rc5+ f5 59. Rc3 1/2-1/2

[Event "WYCC 2018 G16"]
[Site "Halkidiki"]
[Date "2018.10.26"]
[Round "7"]
[White "De Silva, Tenara"]
[Black "Zhang, Cindy"]
[Result "1-0"]
[ECO "B36"]
[WhiteElo "1927"]
[BlackElo "1790"]
[Annotator "NA"]
[PlyCount "87"]
[EventDate "2018.10.20"]
[EventType "swiss"]
[EventCountry "GRE"]
[SourceTitle "playchess.com"]
[Source "ChessBase"]
[SourceQuality "1"]
[TimeControl "40/5400+30:1800+30"]

1. e4 c5 2. Nf3 g6 3. d4 cxd4 4. Nxd4 Nc6 5. c4 Nf6 6. Nc3 d6 7. Be2 Nxd4 8. Qxd4 Bg7 9. Be3 O-O 10. Qd2 Be6 11. f3 Qa5 12. O-O Rfc8 13. b3 a6 14. Rac1 b5 15. Nd5 Qxd2 16. Bxd2 Nxd5 17. cxd5 Bd7 18. Rxc8+ Rxc8 19. Rc1 Rxc1+ 20. Bxc1 Bd4+ 21. Kf1 f5 22. Bg5 Kf7 23. Ke1 fxe4 24. fxe4 a5 25. Kd2 b4 26. Ba6 Bb6 27. Kd3 Bg1 28. h3 Bb6 29. Kc4 Bf2 30. Bb7 Bb6 31. Bc6 Bc8 32. Kb5 Bd4 33. Kxa5 Bc3 34. Bb5 e6 35. Bc4 exd5 36. Bxd5+ Be6 37. Kb6 Bxd5 38. exd5 Bd4+ 39. Kc6 Bc5 40. Kd7 Kg7 41. Be7 Kf7 42. Bxd6 Bxd6 43. Kxd6 Ke8 44. Kc7 1-0

[Event "WYCC 2018 G16"]
[Site "Halkidiki"]
[Date "2018.10.26"]
[Round "7"]
[White "Hajiyeva, Laman"]
[Black "Bulatova, Kamaliya"]
[Result "0-1"]
[ECO "E47"]
[WhiteElo "1916"]
[BlackElo "2108"]
[Annotator "NA"]
[PlyCount "74"]
[EventDate "2018.10.20"]
[EventType "swiss"]
[EventCountry "GRE"]
[SourceTitle "playchess.com"]
[Source "ChessBase"]
[SourceQuality "1"]
[TimeControl "40/5400+30:1800+30"]

1. d4 Nf6 2. c4 e6 3. Nc3 Bb4 4. e3 O-O 5. Bd3 c5 6. Nge2 d5 7. a3 Bxc3+ 8. bxc3 dxc4 9. Bxc4 Qc7 10. Bd3 e5 11. e4 cxd4 12. cxd4 exd4 13. O-O Nc6 14. Bb2 Ng4 15. Ng3 h5 16. h3 h4 17. hxg4 hxg3 18. f4 Qb6 19. Rb1 Ne5 20. g5 Bg4 21. Rf3 Qg6 22. Qe1 Nxf3+ 23. gxf3 Bxf3 24. Qxg3 Bxe4 25. Bxe4 Qxe4 26. Re1 Qc2 27. Bxd4 Rfd8 28. Qe3 Qc4 29. Bb2 Qb5 30. Qc3 Qb6+ 31. Re3 Qg6 32. f5 Qxg5+ 33. Rg3 Rd1+ 34. Kg2 Qd2+ 35. Kh3 Rh1+ 36. Kg4 Qe2+ 37. Qf3 Qc4+ 0-1